Cogmind - Beta 16 @@@ ROGUE MODE // 2025.11.04 @ 02:39:20 Player: Dizzy Result: Destroyed by H-61 Shepherd with Heavy Assault Cannon Performance ------------- Evolutions (2) 1000 Regions Visited (3) 600 Robots Destroyed (51) 255 Value Destroyed (1465) 1465 Prototype IDs (0) 0 Alien Tech Used (0) 0 Bonus (0) 0 TOTAL SCORE: 3320 Bonus ------- None Cogmind --------- Core Integrity 0/550 Matter 212/300 Energy 275/275 System Corruption 0% Temperature Cool (0) Movement Core (1600) Ox31 Location -8/Materials Parts ------- > --- POWER (1) -------- Deuterium Engine > --- PROPULSION (2) --- (None) > --- UTILITY (4) ------ Huge Storage Unit Improved Targeting Computer > --- WEAPON (4) ------- Heavy Particle Cannon Light Assault Rifle > --- INVENTORY (25) --- Deuterium Engine Deuterium Engine Backup Power III Light Treads Armored Treads Backup Propulsion III Improved Heat Sink Improved Heat Sink Small Matter Pod (50) Visual Processing Unit Targeting Computer Targeting Computer Light Armor Plating Light Armor Plating Light Armor Plating Improved Light Armor Plating Improved Light Armor Plating Improved Light Armor Plating Improved Light Armor Plating Tractor Beam Peak State ------------ > --- POWER ------------ Deuterium Engine > --- PROPULSION ------- Armored Treads Wheel > --- UTILITY ---------- Improved Heat Sink Huge Storage Unit Targeting Computer Improved Targeting Computer > --- WEAPON ----------- Particle Cannon Heavy Assault Rifle Heavy Assault Rifle Heavy Assault Rifle > --- INVENTORY -------- Deuterium Engine Deuterium Engine Deuterium Engine Light Treads Aluminum Leg Aluminum Leg Wheel Wheel Wheel Improved Heat Sink Improved Heat Sink Visual Processing Unit Targeting Computer Targeting Computer Light Armor Plating Light Armor Plating Tractor Beam Medium Laser Medium Laser Medium Laser Medium Laser Medium Laser Medium Laser Medium Laser Small Laser [Rating: 25] Favorites ----------- Power Deuterium Engine Engine Deuterium Engine Propulsion Wheel Treads Light Treads Wheel Wheel Utility Huge Storage Unit Device Heat Sink Storage Huge Storage Unit Processor Improved Targeting Computer Protection Improved Light Armor Plating Weapon Heavy Assault Rifle Energy Gun Beam Rifle Energy Cannon Heavy Particle Cannon Ballistic Gun Heavy Assault Rifle Launcher Improved Grenade Launcher Build | -11 -10 -9 -8 ------- Run | Yrd Mat Mat Mat Slots Evolved 4 | . . 2 2 Power . | . . . . Propulsion . | . . . . Utility 2 | . . 2 . Weapon 2 | . . . 2 Parts Attached 37 | 5 2 9 21 Power 3 | 1 . 1 1 Engine 3 | 1 . 1 1 Core . | . . . . Reactor . | . . . . Propulsion 11 | 2 . 3 6 Treads 5 | . . 2 3 Leg . | . . . . Wheel 6 | 2 . 1 3 Hover . | . . . . Flight . | . . . . Utility 10 | . 2 3 5 Device 4 | . . 1 3 Storage 1 | . 1 . . Processor 3 | . 1 2 . Hackware . | . . . . Protection 2 | . . . 2 Artifact . | . . . . Weapon 13 | 2 . 2 9 Energy Gun 1 | . . . 1 Energy Cannon 2 | . . . 2 Ballistic Gun 6 | 2 . 2 2 Ballistic Cannon . | . . . . Launcher 4 | . . . 4 Special Weapon . | . . . . Impact Weapon . | . . . . Slashing Weapon . | . . . . Piercing Weapon . | . . . . Special Melee Weapon . | . . . . Unidentified Prototypes . | . . . . Parts Lost 27 | . . 3 24 Power 1 | . . . 1 Propulsion 9 | . . 2 7 Utility 8 | . . 1 7 Weapon 9 | . . . 9 Highest Loss Streak 8 | . . 1 8 To Critical Strikes . | . . . . Average Backups 19 | 2 9 21 20 Power 2 | . . 2 3 Propulsion 4 | 1 2 5 3 Utility 8 | . 1 4 11 Weapon 3 | . 4 9 2 Tool/Special . | . . . . Unused Backups 34 | . . 3 31 Power 3 | . . 1 2 Propulsion 5 | . . . 5 Utility 18 | . . 2 16 Weapon 8 | . . . 8 Tool/Special . | . . . . Average Slot Usage (%) 79 | . 96 99 72 Engine 7 | . 14 11 5 Treads 7 | . . 7 8 Wheel 8 | . 28 14 4 Device 8 | . . 10 8 Storage 9 | . 12 11 9 Processor 13 | . 12 21 11 Protection 3 | . . . 4 Energy Gun 3 | . . . 5 Energy Cannon 4 | . . . 5 Ballistic Gun 11 | . 28 22 6 Launcher 1 | . . . 2 Peak Build Rating 25 | 5 8 17 25 Average Rating 16 | 4 7 13 18 On Entrance 7 | . 5 8 17 Avg Prop Armor Cover (%) 10 | . . 11 10 Naked Turns . | . . . . Heaviest Build 104 | 5 85 96 104 Greatest Support 40 | 20 20 20 40 Greatest Overweight (x) 31 | . 4 9 31 Average Overweight (x) 6 | . 3 6 9 Largest Inventory Capacity 25 | 5 25 25 25 Average Capacity 24 | 5 23 25 25 Most Carried 25 | 4 17 25 25 Average Carried 19 | 2 10 21 20 Final Capacity 25 | 5 25 25 25 Final Carried 25 | 4 17 25 20 Class Distribution -------------------- 71% | Mutant 14% | Gunner 10% | Scavenger-Gunner Dominant Class ---------------- Mutant | -10/Materials Mutant | -9/Materials Mutant | -8/Materials Resources | -11 -10 -9 -8 ----------- Run | Yrd Mat Mat Mat Matter Collected 998 | 260 . 213 525 Remotely 288 | . . 213 75 Salvage Created 1529 | 32 . 292 1205 Parts 106 | 1 . 22 83 Haulers Intercepted 1 | . . . 1 Recyclers Shooed 1 | . . . 1 Parts Field Recycled . | . . . . Retrieved Matter . | . . . . Parts Self-Destructed . | . . . . Prevented . | . . . . Parts Restored . | . . . . Kills | -11 -10 -9 -8 ------- Run | Yrd Mat Mat Mat Combat Hostiles Destroyed 32 | 1 . 6 25 Guns 17 | 1 . 6 10 Cannons 4 | . . . 4 AOE 10 | . . . 10 Classes Destroyed 14 | 1 . 1 12 Worker 6 | . . . 6 Builder 5 | . . . 5 Tunneler 2 | . . . 2 Hauler 1 | . . . 1 Recycler 2 | . . . 2 Mechanic 1 | . . . 1 Operator 1 | . . . 1 Watcher 1 | . . . 1 Swarmer 3 | . . . 3 Cutter 2 | . . . 2 Grunt 16 | 1 . 3 12 Duelist 1 | . . . 1 Sentry 9 | . . 3 6 Hunter 1 | . . . 1 Best Kill Streak 12 | 1 . 3 12 Combat Bots Only 6 | 1 . 3 6 Max Kills in Single Turn 5 | 1 . 1 5 Gunslinging . | . . . . Exploded 2 | . . . 2 Melee . | . . . . Uniques/NPCs Destroyed . | . . . . Combat | -11 -10 -9 -8 -------- Run | Yrd Mat Mat Mat Hostile Shots Fired 239 | 5 . 42 192 Missed 54 | . . 9 45 Hits 185 | 5 . 33 147 Melee 2 | . . . 2 Projectile 183 | 5 . 33 145 AOE 2 | . . . 2 Critical Strikes 16 | . . 1 15 Damage Taken 3394 | 54 . 449 2891 Core 725 | 34 . 90 601 Absorbed by Shields . | . . . . Core Remaining (%) 83 | 86 86 77 . Volleys Fired 105 | 5 2 28 70 Largest 4 | 2 2 2 4 Hottest 164 | 40 40 43 164 Shots Fired 213 | 10 4 56 143 Gun 150 | 10 4 56 80 Cannon 38 | . . . 38 Launcher 25 | . . . 25 Special . | . . . . Kinetic 122 | 10 4 56 52 Thermal 66 | . . . 66 Explosive 25 | . . . 25 Electromagnetic . | . . . . Robot Hit Streak 24 | 6 10 24 14 Robot Miss Streak 3 | 1 . 1 3 Penetration Max . | . . . . Secondary Targets . | . . . . Shots Hit Robots 141 | 7 4 46 84 Core Hits 89 | 3 1 14 71 Critical Kills 1 | . . . 1 Critical Parts Destroyed . | . . . . Critical Strikes 4 | . . . 4 Burn 3 | . . . 3 Meltdown 1 | . . . 1 Melee Attacks . | . . . . Impact . | . . . . Slashing . | . . . . Piercing . | . . . . Sneak Attacks . | . . . . Combat Hostiles . | . . . . Follow-up Attacks . | . . . . Damage Inflicted 3804 | 58 34 438 3274 Guns 1313 | 58 34 438 783 Cannons 507 | . . . 507 Explosions 1983 | . . . 1983 Melee . | . . . . Ramming 1 | . . . 1 Kinetic 1035 | 58 34 438 505 Thermal 785 | . . . 785 Explosive 1983 | . . . 1983 Electromagnetic . | . . . . Impact . | . . . . Slashing . | . . . . Piercing . | . . . . Highest Corruption 4 | . 4 . . Average Corruption 3 | . 3 . . Corruption Purged . | . . . . Corruption Blocked . | . . . . Effects 3 | . 3 . . Message Errors 2 | . 2 . . Matter Fused 1 | . 1 . . Overload Shots . | . . . . Overflow Damage 186 | . . . 186 Projectiles 6 | . . . 6 Explosions 180 | . . . 180 Melee . | . . . . Knockbacks . | . . . . Impact . | . . . . Kinetic . | . . . . Secondary . | . . . . Self-Inflicted Damage 410 | . . . 410 Shots 12 | . . . 12 Rammed 1 | . . . 1 Targets Rammed 1 | . . . 1 Kicked . | . . . . Crushed . | . . . . Highest Temperature 359 | 18 . 9 359 Average Temperature 58 | 9 . 5 69 Received Heat Transfer 1056 | 30 . 216 810 Siege Activations . | . . . . Martial Activations . | . . . . Shielding Activations . | . . . . Robots Disrupted . | . . . . Combat Hostiles . | . . . . Robots Corrupted . | . . . . Combat Hostiles . | . . . . Parts Fried . | . . . . Impact Corruptions . | . . . . Robots Melted 1 | . . . 1 Combat Hostiles 1 | . . . 1 Parts Melted 2 | . . . 2 Heat Transferred 1739 | . . . 1739 Parts Sabotaged . | . . . . Parts Stolen . | . . . . Parts Stripped . | . . . . Power Chain Reactions . | . . . . Alert | -11 -10 -9 -8 ------- Run | Yrd Mat Mat Mat Maximum Alert Level 1 | . . . 1 Low Security (%) 84 | 100 100 100 77 Level 1 15 | . . . 22 Level 2 . | . . . . Level 3 . | . . . . Level 4 . | . . . . Level 5 . | . . . . High Security . | . . . . Max Security . | . . . . Peak Influence 293 | 20 13 60 293 Initial 13 | . 13 . . Average 93 | 1 1 13 131 Influence Increases 1130 | 20 . 170 940 Destroy 0b10 Robot/C 640 | 20 . 120 500 Destroy 0b10 Robot/NC 95 | . . . 95 Destroy Leader 184 | . . 50 134 Successful Hack 21 | . . . 21 Disable Machine 75 | . . . 75 Destroy Structure 100 | . . . 100 Lose Combat Pursuer 15 | . . . 15 Influence Decreases 911 | . 20 170 721 Entered New Map 7 | . 7 . . Time Decay 638 | . 13 140 485 Lost Part 266 | . . 30 236 Squads Dispatched 7 | . . 1 6 Investigation 1 | . . . 1 Extermination . | . . . . Reinforcement 3 | . . 1 2 Assault . | . . . . Garrison 3 | . . . 3 Intercept . | . . . . Searches Triggered . | . . . . Construction Impeded 1 | . . . 1 Haulers Reinforced . | . . . . Active Scanning Responses . | . . . . Cargo Convoy Interrupts . | . . . . Stealth | -11 -10 -9 -8 --------- Run | Yrd Mat Mat Mat Distress Signals 6 | . . 1 5 Communications Jammed . | . . . . Distress Signals . | . . . . Times Spotted 58 | 1 2 12 43 Peak Tracking Total 9 | 1 2 5 9 Tactical Retreats 1 | . . . 1 Traps | -11 -10 -9 -8 ------- Run | Yrd Mat Mat Mat Traps Triggered 2 | . 2 . . Indirectly . | . . . . Trap Hack Attempts . | . . . . Triggered . | . . . . Disarmed . | . . . . Reprogrammed . | . . . . Reused . | . . . . Traps Extracted . | . . . . Installed . | . . . . Triggered . | . . . . Machines | -11 -10 -9 -8 ---------- Run | Yrd Mat Mat Mat Machines Disabled 5 | . . . 5 Max in Single Turn 1 | . . . 1 Machines Repaired . | . . . . Machines Dismantled . | . . . . Machines Sabotaged . | . . . . Overloaded Fab Kills . | . . . . Hacking | -11 -10 -9 -8 --------- Run | Yrd Mat Mat Mat Machines Accessed 6 | . 2 1 3 Terminals 3 | . 1 . 2 Fabricators . | . . . . Repair Stations 1 | . . . 1 Recycling Units 2 | . 1 1 . Scanalyzers . | . . . . Garrison Access . | . . . . Total Hacks 18 | . 8 2 8 Successful 8 | . 3 2 3 Failed 10 | . 5 . 5 Catastrophic 4 | . . . 4 Database Lockouts . | . . . . Manual 3 | . . . 3 Terminals 11 | . 5 . 6 Fabricators . | . . . . Repair Stations 2 | . . . 2 Recycling Units 5 | . 3 2 . Scanalyzers . | . . . . Garrison Access . | . . . . Terminal Hacks 2 | . . . 2 Hauler Manifests 1 | . . . 1 Zone Layout 1 | . . . 1 Fabricator Hacks . | . . . . Repair Station Hacks 1 | . . . 1 Refit 1 | . . . 1 Recycling Unit Hacks 5 | . 3 2 . Report Inventory 2 | . 1 1 . Retrieve Matter 1 | . 1 . . Retrieve Components 2 | . 1 1 . Scanalyzer . | . . . . Garrison Access Hacks . | . . . . Unauthorized Hacks . | . . . . Terminals . | . . . . Fabricators . | . . . . Repair Stations . | . . . . Recycling Units . | . . . . Scanalyzers . | . . . . Garrison Access . | . . . . Data Cores Recovered . | . . . . Used . | . . . . Hacking Detections 4 | . 2 . 2 Full Trace Events 2 | . 1 . 1 Feedback Events . | . . . . Feedback Blocked . | . . . . Robot Schematics Acquired . | . . . . Robots Built . | . . . . Authchips . | . . . . Time . | . . . . Total Robot Build Rating . | . . . . Part Schematics Acquired . | . . . . Parts Built . | . . . . Authchips . | . . . . Time . | . . . . Total Part Build Rating . | . . . . Part Studies Acquired . | . . . . Parts Repaired . | . . . . Time . | . . . . Parts Recycled . | . . . . Recycled Matter . | . . . . Retrieved Matter . | . . . . Retrieved Components 6 | . 3 3 . Parts Scanalyzed . | . . . . Part Schematics Acquired . | . . . . Parts Damaged . | . . . . Bothacking | -11 -10 -9 -8 ------------ Run | Yrd Mat Mat Mat Used RIF Installer . | . . . . Robots Hacked . | . . . . Non-combat . | . . . . Combat . | . . . . Robot Hacks Applied . | . . . . Relay Couplers Released . | . . . . Fabnet Peak Effective % . | . . . . Robots Rewired . | . . . . Allies Hacked . | . . . . Hacks Repelled . | . . . . Allies | -11 -10 -9 -8 -------- Run | Yrd Mat Mat Mat Total Allies . | . . . . Largest Group . | . . . . Highest-Rated Group . | . . . . Highest-Rated Ally . | . . . . Total Orders . | . . . . Ally Attacks . | . . . . Total Damage . | . . . . Kills . | . . . . Allies Corrupted . | . . . . Allies Melted . | . . . . Intel | -11 -10 -9 -8 ------- Run | Yrd Mat Mat Mat Active Infowar (turns) 129 | . . . 129 Sensors 129 | . . . 129 Robot Analysis Total . | . . . . Derelict Logs Recovered . | . . . . Drone Launches . | . . . . Drone Recoveries . | . . . . Exploration | -11 -10 -9 -8 ------------- Run | Yrd Mat Mat Mat Turns Passed 2452 | 92 183 491 1686 Spaces Moved 782 | 74 119 196 393 Core 41 | 17 . . 24 Treads 92 | . . . 92 Legs . | . . . . Wheels 649 | 57 119 196 277 Hover . | . . . . Flight . | . . . . Fastest Speed 50 | 50 80 140 185 Average Speed 254 | 73 133 179 363 Slowest Speed 1600 | 80 140 215 1600 Overloaded Moves . | . . . . Propulsion Burnouts . | . . . . Robots Hopped . | . . . . Potential Cave-ins . | . . . . Cave-ins Triggered . | . . . . Exploration Rate (%) 23 | 6 28 20 40 Regions Visited 3 Branch Regions . Pre-discovered Areas . | . . . . Known Exits Taken . | . . . . Unknown Exits Taken 3 | 1 1 1 . Scrap Searched . | . . . . Spaces Dug 25 | . . . 25 Terrain Destroyed 122 | . . . 122 Melee . | . . . . Projectile 7 | . . . 7 AOE 115 | . . . 115 Terrain Rammed . | . . . . Walls Destroyed . | . . . . Machines Disabled . | . . . . Actions | -11 -10 -9 -8 --------- Run | Yrd Mat Mat Mat Total 1072 | 101 139 293 539 Wait 73 | 14 4 36 19 Move 779 | 73 118 195 393 Hop . | . . . . Pick Up 52 | 4 13 18 17 Fast Attach 20 | 5 2 1 12 Attach 12 | . . 4 8 Detach 1 | . . . 1 Swap 6 | . . 4 2 Drop 23 | . . 7 16 Fire 105 | 5 2 28 70 Melee . | . . . . Ram . | . . . . Kick . | . . . . Crush 1 | . . . 1 Escape Stasis . | . . . . Rewire . | . . . . Trap . | . . . . Miscellaneous . | . . . . Route ------- -11/Scrapyard -10/Materials -9/Materials -8/Materials (discovered 1 exit: [*Fac]) History --------- Turn | Location | Event 2 | -11/Scrapyard | Met Revision 17 65 | -11/Scrapyard | Discovered new exit (range 8) 93 | -11/Scrapyard | Entered Materials 174 | -10/Materials | Discovered new exit (range 15) 276 | -10/Materials | Entered another Materials area 276 | -9/Materials | Evolved 2 slots: Utility x2 317 | -9/Materials | Build established: Mutant 618 | -9/Materials | Discovered new exit (range 16) 767 | -9/Materials | Entered another Materials area 767 | -8/Materials | Evolved 2 slots: Weapon x2 1259 | -8/Materials | Lost 8 parts (1p2n2u3w) 1425 | -8/Materials | Core integrity fell below 50% 1445 | -8/Materials | Lost 6 parts (2n2u2w) 2405 | -8/Materials | Discovered new exit (range 12) 2438 | -8/Materials | Core integrity fell below 20% 2453 | -8/Materials | Destroyed by H-61 Shepherd with Heavy Assault Cannon Last Messages --------------- 02434_ Y-45 Defender destroyed. 02435_ U-05 Engineer lays Concrete. 02436_ Y-45 Defender destroyed. 02437_ U-05 Engineer lays Concrete. 02441_ The unstable cave ceiling collapses. 02441_ Lgt. Nuclear Core crushed. 02441_ U-05 Engineer lays Concrete. 02445_ The unstable cave ceiling collapses. 02446_ U-05 Engineer lays Concrete. 02448_ Lgt. Treads destroyed. 02448_ Knocked back. 02449_ Acquired 7 matter. 02449_ The unstable cave ceiling collapses. 02449_ 15 Matter crushed. 02449_ Heat Sink destroyed. 02450_ K-01 Serf collects debris. 02450_ U-05 Engineer lays Concrete. 02452_ The unstable cave ceiling collapses. 02452_ U-05 Engineer lays Concrete. 02453_ K-01 Serf collects debris. Map ----- +----------------------------------------------------+ | ?????????????????????????????????????????? | | ?????????????????????????????????????????? | | ?????????????????????????????????????????? | | ?????????????????????????????????????????? | | ????????????##?+####?????????????????????? | | ???????????? ? +?????????????????????? | | ????????????